 Dungeon Crawl Stone Soup version 0.28-a0-1382-g92835e5c71 (webtiles) character file.

Game seed: 15248968084117164953

47 bande the Skirmisher (level 3, 0/24 HPs)
             Began as a Gargoyle Fighter on Jan 1, 2022.
             Slain by a gnoll (5 damage)
             ... on level 2 of the Dungeon.
             The game lasted 00:01:34 (1011 turns).

bande the Skirmisher (Gargoyle Fighter)             Turns: 1011, Time: 00:01:35

Health: 0/24       AC: 12    Str: 19    XL:     3   Next: 70%
Magic:  3/3        EV:  7    Int:  8    God:
Gold:   86         SH:  4    Dex: 11    Spells: 2/2 levels left

rFire   . . .      SeeInvis .   a - +0 war axe
rCold   . . .      Faith    .   c - +0 buckler
rNeg    + . .      Spirit   .   f - +0 chain mail
rPois   ∞          Reflect  .   (no helmet)
rElec   +          Harm     .   (no cloak)
rCorr   .          Rampage  .   (no gloves)
Will    .....                   (no boots)
Stlth   ..........              (no amulet)
HPRegen 0.08/turn               (no ring)
MPRegen 0.08/turn               (no ring)

@: no status effects
A: sickness immunity, AC +3, negative energy resistance 1, electricity
resistance, torment resistance 1, petrification resistance
a: no special abilities


You were on level 2 of the Dungeon.
You visited 1 branch of the dungeon, and saw 2 of its levels.

You collected 86 gold pieces.

Inventory:

Hand Weapons
 a - a +0 war axe (weapon)
Armour
 c - a +0 buckler (worn)
 f - a +0 chain mail (worn)
Potions
 b - a potion of resistance
 d - a potion of might
 e - a potion of degeneration {unknown}
 i - a potion of ambrosia {unknown}


   Skills:
 + Level 3.9 Fighting
 + Level 2.3 Axes
 + Level 3.7 Armour
 + Level 3.6 Shields


You had 2 spell levels left.
You didn't know any spells.
Your spell library was empty.

Dungeon Overview and Level Annotations

Branches:
Dungeon (2/15)

Altars:
Hepliaklqana

Shops:
D:1 (


Innate Abilities, Weirdness & Mutations

You are immune to sickness and miasma.
Your stone body is resilient. (AC +3)
You are immune to poison.
You resist negative energy. (rN+)
You are resistant to electric shocks. (rElec)
You are resistant to unholy torment.
You are immune to petrification.


Message History

You are too injured to fight recklessly!
You are too injured to fight recklessly!
Unknown command.
You barely miss the gnoll.
The gnoll is severely wounded.
You closely miss the ball python. You block the ball python's attack.
The ball python constricts you. You block the gnoll's attack.
The ball python barely misses you. The ball python constricts you.
You slash the gnoll!
You kill the gnoll!
You completely miss the gnoll.
You hit the ball python but do no damage.
You block the ball python's attack. The ball python constricts you.
The gnoll barely misses you.
You escape the ball python's grasp.
The ball python bites you but does no damage.
The ball python grabs you. The ball python constricts you.
The gnoll hits you but does no damage.
You see here a +0 club.
Unknown command.
You escape the ball python's grasp.
You block the gnoll's attack. The ball python bites you.
The ball python grabs you. The ball python constricts you.
You escape the ball python's grasp.
The gnoll hits you but does no damage.
The ball python bites you but does no damage.
You block the ball python's attack.
You see here a +0 club.
You slash the gnoll!
The gnoll is almost dead.
You hit the ball python but do no damage.
The gnoll hits you with a +0 whip.
* * * LOW HITPOINT WARNING * * *
The ball python bites you but does no damage.
The ball python grabs you. The ball python constricts you.
You closely miss the gnoll.
The gnoll is almost dead.
You hit the ball python.
You kill the ball python!
The gnoll hits you with a +0 whip.
You die...

.. ....# #.
...... #.
..... #.
...# #
#.##...#
.##.##.....#
...........#
#....$#
#g@†..#
#.....#
###.### #.#
#.# # #.# #
#.# # #.#
#####. ..!


You could see a gnoll.

Vanquished Creatures
  2 gnolls (D:2)
  A dart slug (D:1)
  4 ball pythons
  2 bats
  An endoplasm (D:1)
  A giant cockroach (D:1)
  A goblin (D:1)
  6 hobgoblins (D:1)
  A quokka (D:1)
  3 frilled lizards (D:1)
  A kobold (D:1)
  2 rats (D:1)
25 creatures vanquished.

Notes
Turn   | Place    | Note
-------+----------+-------------------------------------------
     0 | D:1      | bande the Gargoyle Fighter began the quest for the Orb.
     0 | D:1      | Reached XP level 1. HP: 14/14 MP: 1/1
    51 | D:1      | Found a faded altar of an unknown god.
    76 | D:1      | Reached XP level 2. HP: 18/19 MP: 2/2
   273 | D:1      | Found Gochor's Weapon Boutique.
   388 | D:1      | Found a hazy altar of Hepliaklqana.
   671 | D:1      | Reached XP level 3. HP: 24/24 MP: 3/3
  1011 | D:2      | Slain by a gnoll

Illustrated notes

Levels and vault maps discovered:
D:1:      zaba_arrival_water, layout_loops_corners, serial_shops,
          nicolae_shop_window_shopping, chequers_ecumenical_altar_island,
          minmay_hexomino_r4
D:2:      layout_loops_cross

Skill      XL: |  1  2 |
---------------+-------+-----
Axes           | 2 |  2.3
Fighting       | |  3.9
Armour         | |  3.7
Shields        | |  3.6

Action                   || total
-------------------------++-------
Melee: War axe           ||    69
  Use: Scroll            ||     3
Armor: Scale mail        ||    19
       Chain mail        ||    29
Dodge: Dodged            ||    29
Block: Buckler           ||    22

Table legend: (Time is in decaauts)
 A = Elapsed time spent in this place.
 B = Non-inter-level travel time spent in this place.
 C = Inter-level travel time spent in this place.
 D = Time resting spent in this place.
 E = Time spent auto-exploring this place.
 F = Levels seen in this place.
 G = Mean time per level.
                   A        B        C        D        E       F      G
               +--------+--------+--------+--------+--------+-----+--------+
         Total |   1051 |   1051 |      0 |      0 |    837 |   2 |  525.5 |
       Dungeon |   1051 |   1051 |      0 |      0 |    837 |   2 |  525.5 |
               +--------+--------+--------+--------+--------+-----+--------+

Top non-repeatable levels by time:
     D:1: 1029 daAuts
     D:2: 22 daAuts
